 Dungeon Crawl Stone Soup version 0.22.1-2-g9c5b331383 (webtiles) character file.

74 Chr0nify the Poker (level 4, -1/34 HPs)
             Began as a Merfolk Gladiator on Nov 15, 2018.
             Slain by Sigmund
             ... wielding a +0 scythe
              (12 damage)
             ... on level 3 of the Dungeon.
             The game lasted 00:08:19 (1830 turns).

Chr0nify the Poker (Merfolk Gladiator)              Turns: 1830, Time: 00:08:19

Health: -1/34      AC:  6    Str: 14    XL:     4   Next: 28%
Magic:  4/4        EV: 14    Int:  7    God:
Gold:   161        SH:  0    Dex: 16    Spells: 3/3 levels left

rFire    . . .     SeeInvis .   n - +0 glaive
rCold    . . .     Gourm    .   (shield currently unavailable)
rNeg     . . .     Faith    .   b - +0 leather armour
rPois    .         Spirit   .   c - +0 helmet
rElec    .         Reflect  .   (no cloak)
rCorr    .         Harm     .   h - +1 pair of gloves
MR       .....                  (no boots)
Stlth    +.........             (no amulet)
HPRegen  0.11/turn              (no ring)
MPRegen  0.09/turn              (no ring)

@: no status effects
A: change form in water, swift swim, stealthy swim
a: no special abilities


You were on level 3 of the Dungeon.
You were very hungry.

You visited 1 branch of the dungeon, and saw 3 of its levels.

You collected 161 gold pieces.

Inventory:

Hand Weapons
 a - a +0 trident
 n - a +0 glaive (weapon)
Missiles
 d - 2 throwing nets (quivered)
Armour
 b - a +0 leather armour (worn)
 c - a +0 helmet (worn)
 h - a +1 pair of gloves (worn)
Scrolls
 i - 3 scrolls of identify {unknown}
 k - a scroll of magic mapping {unknown}
 p - a scroll of enchant weapon {unknown}
Potions
 e - 4 potions of heal wounds {unknown}
 j - a potion of berserk rage {unknown}
 l - a potion of degeneration {unknown}
 m - a potion of ambrosia {unknown}
 o - a potion of flight {unknown}
 q - 2 potions of might {unknown}
Comestibles
 f - 3 rations


   Skills:
 + Level 2.4 Fighting
 + Level 6.1 Polearms
 + Level 2.1 Throwing
 + Level 0.7 Armour
 + Level 4.7 Dodging
 + Level 0.1 Stealth


You had 3 spell levels left.
You didn't know any spells.
Your spell library was empty.

Dungeon Overview and Level Annotations

Branches:
Dungeon (3/15)

Altars:
Dithmenos

Annotations:
D:3 Sigmund


Message History

Throwing (i - inventory)
d - 3 throwing nets (quivered)
Press: ? - help, Shift-Dir - straight line You throw a throwing net.
You feel less confused.
The hobgoblin hits you but does no damage.
You hit the hobgoblin.
The hobgoblin is moderately wounded.
Something hits you. The hobgoblin hits you.
You slash the hobgoblin!
You kill the hobgoblin!
Something closely misses you.
You closely miss something. Something hits you but does no damage.
You barely miss something. Something hits you.
* * * LOW HITPOINT WARNING * * *
You slash something! Something barely misses you.
You miss something. Something barely misses you.
You slash something! Something hits you but does no damage.
You are feeling very hungry.
You barely miss something. Something hits you!
You die...

#.#.# ..#.#
#.#.# #...##
####....####
#...........
#...{.....#
#<.?@.....#
#......§..#
#......_....
#....(§§§§.#
#.....§...(#
##########§#
#


There were no monsters in sight!

Vanquished Creatures
  3 adders (D:2)
  An ooze (D:2)
  A worm (D:2)
  A dart slug (D:2)
  3 leopard geckos (D:2)
  2 giant cockroaches
  4 goblins
  5 hobgoblins
  2 quokkas (D:2)
  2 ball pythons (D:2)
  A bat (D:1)
  2 frilled lizards
  3 kobolds
  8 rats
38 creatures vanquished.

Notes
Turn   | Place    | Note
-------+----------+-------------------------------------------
     0 | D:1      | Chr0nify the Merfolk Gladiator began the quest for the Orb.
     0 | D:1      | Reached XP level 1. HP: 16/16 MP: 1/1
   204 | D:1      | Reached skill level 5 in Polearms
   204 | D:1      | Reached XP level 2. HP: 22/22 MP: 2/2
   743 | D:2      | Reached XP level 3. HP: 21/27 MP: 3/3
  1247 | D:2      | Reached XP level 4. HP: 31/34 MP: 4/4
  1525 | D:2      | Reached skill level 6 in Polearms
  1813 | D:3      | Found a shadowy altar of Dithmenos.
  1813 | D:3      | Noticed Sigmund
  1830 | D:3      | Slain by Sigmund

Skill      XL: |  1  2  3  4 |
---------------+-------------+-----
Polearms       | 5 6 |  6.1
Fighting       | |  2.4
Throwing       | |  2.1
Armour         | |  0.7
Dodging        | |  4.7
Stealth        | |  0.1

Action                   |  1- 3 |  4- 6 || total
-------------------------+-------+-------++-------
Melee: Trident           |    74 |       ||    74
       Glaive            |    24 |    27 ||    51
Throw: Throwing net      |       |     1 ||     1
 Stab: Sleeping          |     1 |     1 ||     2
  Eat: Chunk             |     1 |     1 ||     2
Armor: Leather armour    |    42 |    10 ||    52
Dodge: Dodged            |    94 |    18 ||   112
